Workbook

Sheet Orçamento Sintético
A1: PREFEITURA MUNICIPAL DE BOA ESPERANÇA - MG. Secretaria Municipal de Obras e Serviços Urbanos.
A2: PLANILHA ORÇAMENTÁRIA | F2: LICITAÇÃO Nº | H2: EDITAL Nº
A3: ÓRGÃO | B3: PREFEITURA MUNICIPAL DE BOA ESPERANÇA | H3: DATA DO ORÇAMENTO | I3: 46269
A4: OBJETO | B4: Reforma da Escola Municipal Rabin Gambogi (CAIC) e na Creche Municipal Tia Nicinha | H4: LOTE
A5: ENDEREÇO | B5: RUA TONICO RODRIGUES, 480, FREDERICO OZANAN - BOA ESPERANÇA-MG
A6: MODALIDADE | B6: CONCORRÊNCIA | C6: REGIME DE EXECUÇÃO | D6: 1 – Empreitada por Preço Global | F6: CIDADE | G6: BOA ESPERANÇA | H6: UF | I6: MG
A7: DATA BASE DO ORÇAMENTO (mês/ano) | B7: SINAPI - 01/2026 - SBC - 02/2026 - SICRO3 - 10/2025 - ORSE - 12/2025 - SEINFRA - 028 - SETOP - 10/2025 - IOPES - 12/2025 - SIURB - 07/2025 - SUDECAP - 10/2025 - CPOS/CDHU - 01/2026 - FDE - 10/2025 - AGESUL - 01/2026 - AGETOP CIVIL - 10/2025 - EMOP - 01/2026 - | C7: DESONERAÇÃO | D7: ENCARGOS SOCIAIS - HORISTAS (%) | F7: BDI 1 | G7: 0.2674 | H7: BDI 2
C8: Sim | D8: ENCARGOS SOCIAIS - MENSALISTAS (%)
H9: Valor Final do Orçamento | J9: 398710.21
H10: BDI | J10: 0.2674
A11: Item | B11: Código | C11: Banco | D11: Descrição | E11: Und | F11: Quant. | G11: Valor Unit | H11: Valor Unit com BDI | I11: Total | J11: Peso (%)
A12: 1 | D12: INSTALAÇÃO DA OBRA | F12: 1 | H12: =I13 -> 1320.44 | I12: =ROUND(F12 * H12,2) -> 1320.44 | J12: =I12 / J9 -> 0.0033117787
A13: 1.1 | B13: ED-16670 | C13: SETOP | D13: PLACA DE OBRA EM CHAPA GALVANIZADA ENRIJECIDA, PLOTADA COM ADESIVO VINÍLICO, FIXADA COM REBITES 4,8X40MM, EM ESTRUTURA METÁLICA DE METALON 20X20MM, ESP. 1,25MM, EXCLUSIVE SUPORTE EM EUCALIPTO PADRÃO GOVERNO DE MINAS GERAIS (FORNECIMENTO/FABRICAÇÃO) | E13: m² | F13: 4.5 | G13: 231.52 | H13: =ROUND(ROUND(G13 * J10, 2) + G13, 2) -> 293.43 | I13: =ROUND(F13 * H13,2) -> 1320.44 | J13: =I13 / J9 -> 0.0033117787
A14: 2 | D14: REFORÇO ESTRUTURAL DE FUNDAÇÃO | F14: 1 | H14: =I15 + I16 + I17 + I18 + I19 + I20 + I21 + I22 -> 103241.74 | I14: =ROUND(F14 * H14,2) -> 103241.74 | J14: =I14 / J9 -> 0.25893929
A15: 2.1 | B15: 97634 | C15: SINAPI | D15: DEMOLIÇÃO DE REVESTIMENTO CERÂMICO, DE FORMA MECANIZADA COM MARTELETE, SEM REAPROVEITAMENTO. AF_09/2023 | E15: m² | F15: 36 | G15: 4.19 | H15: =ROUND(ROUND(G15 * J10, 2) + G15, 2) -> 5.31 | I15: =ROUND(F15 * H15,2) -> 191.16 | J15: =I15 / J9 -> 0.00047944596
A16: 2.2 | B16: ED-48440 | C16: SETOP | D16: DEMOLIÇÃO MANUAL DE CONCRETO, SEM ARMAÇÃO, INCLUSIVE AFASTAMENTO E EMPILHAMENTO, EXCLUSIVE TRANSPORTE E RETIRADA DO MATERIAL DEMOLIDO | E16: m³ | F16: 7.2 | G16: 327.39 | H16: =ROUND(ROUND(G16 * J10, 2) + G16, 2) -> 414.93 | I16: =ROUND(F16 * H16,2) -> 2987.5 | J16: =I16 / J9 -> 0.0074929107
A17: 2.3 | B17: 93358 | C17: SINAPI | D17: ESCAVAÇÃO MANUAL DE VALA. AF_09/2024 | E17: m³ | F17: 90 | G17: 98.46 | H17: =ROUND(ROUND(G17 * J10, 2) + G17, 2) -> 124.79 | I17: =ROUND(F17 * H17,2) -> 11231.1 | J17: =I17 / J9 -> 0.028168579
A18: 2.4 | B18: 101588 | C18: SINAPI | D18: ESCORAMENTO DE VALA, TIPO CONTÍNUO COM PERFIL METÁLICO "U", COM PROFUNDIDADE DE 0 A 1,5 M, LARGURA MENOR QUE 1,5 M. AF_08/2020 | E18: m² | F18: 36 | G18: 112.99 | H18: =ROUND(ROUND(G18 * J10, 2) + G18, 2) -> 143.2 | I18: =ROUND(F18 * H18,2) -> 5155.2 | J18: =I18 / J9 -> 0.012929691
A19: 2.5 | B19: 03.03.111 | C19: FDE | D19: ESCORAMENTO METÁLICO PARA LAJES ALTURA ATÉ 3,20M MALHA MENOR OU IGUAL 1,50X1,50 | E19: m² | F19: 72 | G19: 21.97 | H19: =ROUND(ROUND(G19 * J10, 2) + G19, 2) -> 27.84 | I19: =ROUND(F19 * H19,2) -> 2004.48 | J19: =I19 / J9 -> 0.0050274108
A20: 2.6 | B20: ED-19643 | C20: SETOP | D20: MONTAGEM E DESMONTAGEM DE ESCORAMENTO METÁLICO, TIPO "A" OU "B", PARA LAJE E VIGA EM CONCRETO ARMADO, INCLUSIVE DESCARGA E CARGA, EXCLUSIVE ESCORAMENTO | E20: m² | F20: 72 | G20: 5.64 | H20: =ROUND(ROUND(G20 * J10, 2) + G20, 2) -> 7.15 | I20: =ROUND(F20 * H20,2) -> 514.8 | J20: =I20 / J9 -> 0.0012911633
A21: 2.7 | B21: 102477 | C21: SINAPI | D21: CONCRETO FCK = 30MPA, TRAÇO 1:1,9:2,3 (EM MASSA SECA DE CIMENTO/ AREIA MÉDIA/ SEIXO ROLADO) - PREPARO MECÂNICO COM BETONEIRA 400 L. AF_05/2021 | E21: m³ | F21: 54 | G21: 812.61 | H21: =ROUND(ROUND(G21 * J10, 2) + G21, 2) -> 1029.9 | I21: =ROUND(F21 * H21,2) -> 55614.6 | J21: =I21 / J9 -> 0.13948627
A22: 2.8 | B22: 3079 | C22: ORSE | D22: Enrocamento com pedra bruta lançada | E22: m³ | F22: 90 | G22: 223.93 | H22: =ROUND(ROUND(G22 * J10, 2) + G22, 2) -> 283.81 | I22: =ROUND(F22 * H22,2) -> 25542.9 | J22: =I22 / J9 -> 0.064063822
A23: 3 | D23: REFORÇO PILARES | F23: 1 | H23: =I24 + I25 + I26 + I27 + I28 + I29 + I30 -> 10306.78 | I23: =ROUND(F23 * H23,2) -> 10306.78 | J23: =I23 / J9 -> 0.025850304
A24: 3.1 | B24: 97634 | C24: SINAPI | D24: DEMOLIÇÃO DE REVESTIMENTO CERÂMICO, DE FORMA MECANIZADA COM MARTELETE, SEM REAPROVEITAMENTO. AF_09/2023 | E24: m² | F24: 16 | G24: 4.19 | H24: =ROUND(ROUND(G24 * J10, 2) + G24, 2) -> 5.31 | I24: =ROUND(F24 * H24,2) -> 84.96 | J24: =I24 / J9 -> 0.00021308709
A25: 3.2 | B25: ED-48440 | C25: SETOP | D25: DEMOLIÇÃO MANUAL DE CONCRETO, SEM ARMAÇÃO, INCLUSIVE AFASTAMENTO E EMPILHAMENTO, EXCLUSIVE TRANSPORTE E RETIRADA DO MATERIAL DEMOLIDO | E25: m³ | F25: 1.8 | G25: 327.39 | H25: =ROUND(ROUND(G25 * J10, 2) + G25, 2) -> 414.93 | I25: =ROUND(F25 * H25,2) -> 746.87 | J25: =I25 / J9 -> 0.0018732151
A26: 3.3 | B26: 93358 | C26: SINAPI | D26: ESCAVAÇÃO MANUAL DE VALA. AF_09/2024 | E26: m³ | F26: 40 | G26: 98.46 | H26: =ROUND(ROUND(G26 * J10, 2) + G26, 2) -> 124.79 | I26: =ROUND(F26 * H26,2) -> 4991.6 | J26: =I26 / J9 -> 0.012519368
A27: 3.4 | B27: 03.03.111 | C27: FDE | D27: ESCORAMENTO METÁLICO PARA LAJES ALTURA ATÉ 3,20M MALHA MENOR OU IGUAL 1,50X1,50 | E27: m² | F27: 32 | G27: 21.97 | H27: =ROUND(ROUND(G27 * J10, 2) + G27, 2) -> 27.84 | I27: =ROUND(F27 * H27,2) -> 890.88 | J27: =I27 / J9 -> 0.0022344048
A28: 3.5 | B28: ED-19643 | C28: SETOP | D28: MONTAGEM E DESMONTAGEM DE ESCORAMENTO METÁLICO, TIPO "A" OU "B", PARA LAJE E VIGA EM CONCRETO ARMADO, INCLUSIVE DESCARGA E CARGA, EXCLUSIVE ESCORAMENTO | E28: m² | F28: 32 | G28: 5.64 | H28: =ROUND(ROUND(G28 * J10, 2) + G28, 2) -> 7.15 | I28: =ROUND(F28 * H28,2) -> 228.8 | J28: =I28 / J9 -> 0.00057385037
A29: 3.6 | B29: 102475 | C29: SINAPI | D29: CONCRETO FCK = 20MPA, TRAÇO 1:2,6:2,9 (EM MASSA SECA DE CIMENTO/ AREIA MÉDIA/ SEIXO ROLADO) - PREPARO MECÂNICO COM BETONEIRA 400 L. AF_05/2021 | E29: m³ | F29: 2 | G29: 761.37 | H29: =ROUND(ROUND(G29 * J10, 2) + G29, 2) -> 964.96 | I29: =ROUND(F29 * H29,2) -> 1929.92 | J29: =I29 / J9 -> 0.0048404078
A30: 3.7 | B30: RO-00540 | C30: SETOP | D30: Armação em aço CA 50 fornecimento, preparo e colocação | E30: Kg | F30: 109.28 | G30: 10.35 | H30: =ROUND(ROUND(G30 * J10, 2) + G30, 2) -> 13.12 | I30: =ROUND(F30 * H30,2) -> 1433.75 | J30: =I30 / J9 -> 0.0035959701
A31: 4 | D31: LIMPEZA DA COBERTURA | F31: 1 | H31: =I32 + I33 + I34 + I35 + I36 -> 19285.31 | I31: =ROUND(F31 * H31,2) -> 19285.31 | J31: =I31 / J9 -> 0.04836924
A32: 4.1 | B32: 4915711 | C32: SICRO3 | D32: Limpeza de descida d'água | E32: m | F32: 1086 | G32: 1.48 | H32: =ROUND(ROUND(G32 * J10, 2) + G32, 2) -> 1.88 | I32: =ROUND(F32 * H32,2) -> 2041.68 | J32: =I32 / J9 -> 0.0051207116
A33: 4.2 | B33: 99811 | C33: SINAPI | D33: LIMPEZA DE CONTRAPISO COM VASSOURA A SECO. AF_04/2019 | E33: m² | F33: 1897.1 | G33: 0.71 | H33: =ROUND(ROUND(G33 * J10, 2) + G33, 2) -> 0.9 | I33: =ROUND(F33 * H33,2) -> 1707.39 | J33: =I33 / J9 -> 0.0042822831
A34: 4.3 | B34: ED-51131 | C34: SETOP | D34: CARGA MANUAL DE MATERIAL DE QUALQUER NATUREZA SOBRE CAMINHÃO, EXCLUSIVE TRANSPORTE | E34: m³ | F34: 51.73925 | G34: 45.32 | H34: =ROUND(ROUND(G34 * J10, 2) + G34, 2) -> 57.44 | I34: =ROUND(F34 * H34,2) -> 2971.9 | J34: =I34 / J9 -> 0.0074537845
A35: 4.4 | B35: 99814 | C35: SINAPI | D35: LIMPEZA DE SUPERFÍCIE COM JATO DE ALTA PRESSÃO. AF_04/2019 | E35: m² | F35: 2831.55 | G35: 1.77 | H35: =ROUND(ROUND(G35 * J10, 2) + G35, 2) -> 2.24 | I35: =ROUND(F35 * H35,2) -> 6342.67 | J35: =I35 / J9 -> 0.01590797
A36: 4.5 | B36: 10.35.73 | C36: SUDECAP | D36: RALO HEMISFERICO TIPO ABACAXI D= 75MM | E36: UN | F36: 273 | G36: 17.98 | H36: =ROUND(ROUND(G36 * J10, 2) + G36, 2) -> 22.79 | I36: =ROUND(F36 * H36,2) -> 6221.67 | J36: =I36 / J9 -> 0.015604491
A37: 5 | D37: REFORMA DAS COZINHAS E DISPENSAS | F37: 1 | H37: =I38 -> 36583.54 | I37: =ROUND(F37 * H37,2) -> 36583.54 | J37: =I37 / J9 -> 0.091754711
A38: 5.1 | D38: CRECHE | F38: 1 | H38: =I39 + I60 -> 36583.54 | I38: =ROUND(F38 * H38,2) -> 36583.54 | J38: =I38 / J9 -> 0.091754711
A39: 5.1.1 | D39: COZINHA | F39: 1 | H39: =I40 + I41 + I42 + I43 + I44 + I45 + I46 + I47 + I48 + I49 + I50 + I51 + I52 + I53 + I54 + I55 + I56 + I57 + I58 + I59 -> 27464.2 | I39: =ROUND(F39 * H39,2) -> 27464.2 | J39: =I39 / J9 -> 0.06888261
A40: 5.1.1.1 | B40: ED-48343 | C40: SETOP | D40: BANCADA EM GRANITO CINZA ANDORINHA E = 3 CM, APOIADA EM CONSOLE DE METALON 20 X 30 MM | E40: m² | F40: 4.355 | G40: 401.55 | H40: =ROUND(ROUND(G40 * J10, 2) + G40, 2) -> 508.92 | I40: =ROUND(F40 * H40,2) -> 2216.35 | J40: =I40 / J9 -> 0.0055587992
A41: 5.1.1.2 | B41: ED-21706 | C41: SETOP | D41: TESTEIRA PARA BANCADA EM GRANITO, COR CINZA ANDORINHA, ESP. 2CM, ALTURA DE 10CM, INCLUSIVE POLIMENTO DE ESPESSURA E CORTE/COLAGEM EM MEIA ESQUADRIA (FABRICAÇÃO) | E41: m | F41: 10.4 | G41: 222.86 | H41: =ROUND(ROUND(G41 * J10, 2) + G41, 2) -> 282.45 | I41: =ROUND(F41 * H41,2) -> 2937.48 | J41: =I41 / J9 -> 0.0073674562
A42: 5.1.1.3 | B42: ED-50692 | C42: SETOP | D42: PRATELEIRA DE GRANITO CINZA ANDORINHA, E = 2 CM, APOIADA EM CONSOLE DE METALON 20 X 30 MM | E42: m² | F42: 4.32 | G42: 387.28 | H42: =ROUND(ROUND(G42 * J10, 2) + G42, 2) -> 490.84 | I42: =ROUND(F42 * H42,2) -> 2120.43 | J42: =I42 / J9 -> 0.0053182235
A43: 5.1.1.4 | B43: 10204 | C43: ORSE | D43: Porta para armários com moldura em alumínio (alumínio/acrílico), inclusive ferragens | E43: m² | F43: 6.16 | G43: 185.68 | H43: =ROUND(ROUND(G43 * J10, 2) + G43, 2) -> 235.33 | I43: =ROUND(F43 * H43,2) -> 1449.63 | J43: =I43 / J9 -> 0.0036357985
A44: 5.1.1.5 | B44: ED-48348 | C44: SETOP | D44: RODABANCA/FRONTÃO PARA BANCADA EM GRANITO, COR CINZA ANDORINHA, ESP. 2CM, ALTURA DE 10CM, INCLUSIVE REJUNTAMENTO EM MASSA PLÁSTICA NA COR DA PEDRA | E44: m | F44: 14.2 | G44: 54.1 | H44: =ROUND(ROUND(G44 * J10, 2) + G44, 2) -> 68.57 | I44: =ROUND(F44 * H44,2) -> 973.69 | J44: =I44 / J9 -> 0.0024420995
A45: 5.1.1.6 | B45: 9593 | C45: ORSE | D45: Filete em granito capri, l=6cm, esp= 2cm, para acabamentos | E45: m | F45: 6.4 | G45: 110.75 | H45: =ROUND(ROUND(G45 * J10, 2) + G45, 2) -> 140.36 | I45: =ROUND(F45 * H45,2) -> 898.3 | J45: =I45 / J9 -> 0.0022530148
A46: 5.1.1.7 | B46: ED-21631 | C46: SETOP | D46: BANCADA EM GRANITO, COR CINZA ANDORINHA, ESP. 2CM, ACABAMENTO POLIDO, APOIADA EM CONSOLE DE METALON (50X30)MM, EXCLUSIVE RODABANCA/FRONTÃO, TESTEIRA/FAIXA, FURO EM BANCADA, CUBA METÁLICA, VÁLVULA, SIFÃO, TORNEIRA E ENGATE FLEXÍVEL | E46: m² | F46: 1.92 | G46: 421.78 | H46: =ROUND(ROUND(G46 * J10, 2) + G46, 2) -> 534.56 | I46: =ROUND(F46 * H46,2) -> 1026.36 | J46: =I46 / J9 -> 0.0025742004
A47: 5.1.1.8 | B47: ED-50278 | C47: SETOP | D47: CUBA EM AÇO INOXIDÁVEL DE EMBUTIR, AISI 304, APLICAÇÃO PARA PIA (560X330X115MM), NÚMERO 2, ASSENTAMENTO EM BANCADA, INCLUSIVE VÁLVULA DE ESCOAMENTO DE METAL COM ACABAMENTO CROMADO, SIFÃO DE METAL TIPO COPO COM ACABAMENTO CROMADO, FORNECIMENTO E INSTALAÇÃO | E47: un | F47: 1 | G47: 526.85 | H47: =ROUND(ROUND(G47 * J10, 2) + G47, 2) -> 667.73 | I47: =ROUND(F47 * H47,2) -> 667.73 | J47: =I47 / J9 -> 0.0016747251
A48: 5.1.1.9 | B48: 1301004052 | C48: AGESUL | D48: CUBA DE ACO INOX N.304 INDUSTRIAL DE (60 X 50 X 40) CM, COM VALVULA AMERICANA E SIFAO TIPO GARRAFA EM METAL CROMADO (ESTEVES OU SIMILAR) - FORNECIMENTO E INSTALACAO | E48: CJ | F48: 1 | G48: 2038.75 | H48: =ROUND(ROUND(G48 * J10, 2) + G48, 2) -> 2583.91 | I48: =ROUND(F48 * H48,2) -> 2583.91 | J48: =I48 / J9 -> 0.0064806718
A49: 5.1.1.10 | B49: ED-50324 | C49: SETOP | D49: TORNEIRA METÁLICA PARA PIA, BICA MÓVEL, ABERTURA 1/4 DE VOLTA, ACABAMENTO CROMADO, COM AREJADOR, APLICAÇÃO DE MESA, INCLUSIVE ENGATE FLEXÍVEL METÁLICO, FORNECIMENTO E INSTALAÇÃO | E49: un | F49: 1 | G49: 185.62 | H49: =ROUND(ROUND(G49 * J10, 2) + G49, 2) -> 235.25 | I49: =ROUND(F49 * H49,2) -> 235.25 | J49: =I49 / J9 -> 0.00059002753
A50: 5.1.1.11 | B50: ED-50326 | C50: SETOP | D50: TORNEIRA METÁLICA PARA PIA, ABERTURA 1/4 DE VOLTA, ACABAMENTO CROMADO, COM AREJADOR, APLICAÇÃO DE PAREDE, INCLUSIVE FORNECIMENTO E INSTALAÇÃO | E50: un | F50: 1 | G50: 87.48 | H50: =ROUND(ROUND(G50 * J10, 2) + G50, 2) -> 110.87 | I50: =ROUND(F50 * H50,2) -> 110.87 | J50: =I50 / J9 -> 0.00027807164
A51: 5.1.1.12 | B51: ED-50621 | C51: SETOP | D51: SÓCULO COM ENCHIMENTO EM TIJOLOS MACIÇOS, ALTURA DE 10CM À 12CM, INCLUSIVE ACABAMENTO EM REVESTIMENTO DE ARGAMASSA, ESP. 20MM, COM APLICAÇÃO MANUAL | E51: m² | F51: 1.6 | G51: 145.23 | H51: =ROUND(ROUND(G51 * J10, 2) + G51, 2) -> 184.06 | I51: =ROUND(F51 * H51,2) -> 294.5 | J51: =I51 / J9 -> 0.0007386317
A52: 5.1.1.13 | B52: 42 | C52: ORSE | D52: Apicoamento total de reboco com ponteiras/talhadeiras | E52: m² | F52: 37.216 | G52: 2.77 | H52: =ROUND(ROUND(G52 * J10, 2) + G52, 2) -> 3.51 | I52: =ROUND(F52 * H52,2) -> 130.63 | J52: =I52 / J9 -> 0.00032763144
A53: 5.1.1.14 | B53: ED-50175 | C53: SETOP | D53: IMPERMEABILIZAÇÃO COM ARGAMASSA POLIMÉRICA, INCLUSIVE PREPARO MANUAL DA ARGAMASSA 02 (DUAS) DEMÃOS. TEC PLUS OU SIMILAR | E53: m² | F53: 37.216 | G53: 24.99 | H53: =ROUND(ROUND(G53 * J10, 2) + G53, 2) -> 31.67 | I53: =ROUND(F53 * H53,2) -> 1178.63 | J53: =I53 / J9 -> 0.0029561069
A54: 5.1.1.15 | B54: ED-50544 | C54: SETOP | D54: REVESTIMENTO COM CERÂMICA APLICADO EM PAREDE, ACABAMENTO ESMALTADO, AMBIENTE EXTERNO, PADRÃO EXTRA, DIMENSÃO DA PEÇA ATÉ 2025 CM2, PEI IV, ASSENTAMENTO COM ARGAMASSA INDUSTRIALIZADA ACIII, INCLUSIVE REJUNTAMENTO. [REVESTIMENTO BRANCO 32X57 RETIFICADO OU SIMILAR] | E54: m² | F54: 37.216 | G54: 85.15 | H54: =ROUND(ROUND(G54 * J10, 2) + G54, 2) -> 107.92 | I54: =ROUND(F54 * H54,2) -> 4016.35 | J54: =I54 / J9 -> 0.010073356
A55: 5.1.1.16 | B55: ED-48480 | C55: SETOP | D55: DEMOLIÇÃO MANUAL DE PISO CERÂMICO OU LADRILHO HIDRÁULICO, INCLUSIVE AFASTAMENTO E EMPILHAMENTO, EXCLUSIVE DEMOLIÇÃO DE CONTRAPISO, TRANSPORTE E RETIRADA DO MATERIAL DEMOLIDO | E55: m² | F55: 29.26 | G55: 18.71 | H55: =ROUND(ROUND(G55 * J10, 2) + G55, 2) -> 23.71 | I55: =ROUND(F55 * H55,2) -> 693.75 | J55: =I55 / J9 -> 0.0017399855
A56: 5.1.1.17 | B56: ED-48505 | C56: SETOP | D56: DEMOLIÇÃO MANUAL DE RODAPÉ, INCLUSIVE ARGAMASSA DE ASSENTAMENTO E AFASTAMENTO, EXCLUSIVE TRANSPORTE E RETIRADA DO MATERIAL DEMOLIDO | E56: m | F56: 19.1 | G56: 3.1 | H56: =ROUND(ROUND(G56 * J10, 2) + G56, 2) -> 3.93 | I56: =ROUND(F56 * H56,2) -> 75.06 | J56: =I56 / J9 -> 0.00018825703
A57: 5.1.1.18 | B57: ED-13286 | C57: SETOP | D57: CAMADA DE REGULARIZAÇÃO COM ARGAMASSA, TRAÇO 1:3 (CIMENTO E AREIA), ESP. 15MM, APLICAÇÃO MANUAL, INCLUSIVE ARGAMASSA COM PREPARO MECANIZADO | E57: m² | F57: 29.26 | G57: 37.01 | H57: =ROUND(ROUND(G57 * J10, 2) + G57, 2) -> 46.91 | I57: =ROUND(F57 * H57,2) -> 1372.59 | J57: =I57 / J9 -> 0.0034425755
A58: 5.1.1.19 | B58: 1701000106 | C58: AGESUL | D58: PISO TIPO PORCELANATO ACETINADO, PLACAS DE (60 X 60)CM, TIPO A, LINHA CEMENTO GRIGIO, BORDA RETIFICADA DA BIANCOGRES OU SIMILAR, EMPREGANDO ARGAMASSA ACIII, QUARTZOLIT OU SIMILAR, INCLUSIVE REJUNTE | E58: m² | F58: 29.26 | G58: 117.65 | H58: =ROUND(ROUND(G58 * J10, 2) + G58, 2) -> 149.11 | I58: =ROUND(F58 * H58,2) -> 4362.96 | J58: =I58 / J9 -> 0.010942684
A59: 5.1.1.20 | B59: ED-51002 | C59: SETOP | D59: SOLEIRA DE GRANITO, NA COR CINZA ANDORINHA, ESP. 2CM, ACABAMENTO POLIDO, ASSENTAMENTO COM ARGAMASSA INDUSTRIALIZADA, INCLUSIVE REJUNTAMENTO | E59: m² | F59: 0.285 | G59: 331.47 | H59: =ROUND(ROUND(G59 * J10, 2) + G59, 2) -> 420.11 | I59: =ROUND(F59 * H59,2) -> 119.73 | J59: =I59 / J9 -> 0.00030029329
A60: 5.1.2 | D60: DESPENSA COZINHA | F60: 1 | H60: =I61 + I62 + I63 + I64 + I65 + I66 + I67 + I68 -> 9119.34 | I60: =ROUND(F60 * H60,2) -> 9119.34 | J60: =I60 / J9 -> 0.022872101
A61: 5.1.2.1 | B61: ED-50688 | C61: SETOP | D61: PRATELEIRA DE ARDÓSIA E = 2 CM APOIADA EM CONSOLE DE METALON 20 X 30 MM | E61: m² | F61: 9.6 | G61: 350.51 | H61: =ROUND(ROUND(G61 * J10, 2) + G61, 2) -> 444.24 | I61: =ROUND(F61 * H61,2) -> 4264.7 | J61: =I61 / J9 -> 0.01069624
A62: 5.1.2.2 | B62: 42 | C62: ORSE | D62: Apicoamento total de reboco com ponteiras/talhadeiras | E62: m² | F62: 23.03 | G62: 2.77 | H62: =ROUND(ROUND(G62 * J10, 2) + G62, 2) -> 3.51 | I62: =ROUND(F62 * H62,2) -> 80.84 | J62: =I62 / J9 -> 0.00020275377
A63: 5.1.2.3 | B63: ED-50175 | C63: SETOP | D63: IMPERMEABILIZAÇÃO COM ARGAMASSA POLIMÉRICA, INCLUSIVE PREPARO MANUAL DA ARGAMASSA 02 (DUAS) DEMÃOS. TEC PLUS OU SIMILAR | E63: m² | F63: 23.03 | G63: 24.99 | H63: =ROUND(ROUND(G63 * J10, 2) + G63, 2) -> 31.67 | I63: =ROUND(F63 * H63,2) -> 729.36 | J63: =I63 / J9 -> 0.0018292985
A64: 5.1.2.4 | B64: ED-50544 | C64: SETOP | D64: REVESTIMENTO COM CERÂMICA APLICADO EM PAREDE, ACABAMENTO ESMALTADO, AMBIENTE EXTERNO, PADRÃO EXTRA, DIMENSÃO DA PEÇA ATÉ 2025 CM2, PEI IV, ASSENTAMENTO COM ARGAMASSA INDUSTRIALIZADA ACIII, INCLUSIVE REJUNTAMENTO. [REVESTIMENTO BRANCO 32X57 RETIFICADO OU SIMILAR] | E64: m² | F64: 23.03 | G64: 85.15 | H64: =ROUND(ROUND(G64 * J10, 2) + G64, 2) -> 107.92 | I64: =ROUND(F64 * H64,2) -> 2485.4 | J64: =I64 / J9 -> 0.0062336001
A65: 5.1.2.5 | B65: ED-48480 | C65: SETOP | D65: DEMOLIÇÃO MANUAL DE PISO CERÂMICO OU LADRILHO HIDRÁULICO, INCLUSIVE AFASTAMENTO E EMPILHAMENTO, EXCLUSIVE DEMOLIÇÃO DE CONTRAPISO, TRANSPORTE E RETIRADA DO MATERIAL DEMOLIDO | E65: m² | F65: 6.92 | G65: 18.71 | H65: =ROUND(ROUND(G65 * J10, 2) + G65, 2) -> 23.71 | I65: =ROUND(F65 * H65,2) -> 164.07 | J65: =I65 / J9 -> 0.00041150188
A66: 5.1.2.6 | B66: ED-48505 | C66: SETOP | D66: DEMOLIÇÃO MANUAL DE RODAPÉ, INCLUSIVE ARGAMASSA DE ASSENTAMENTO E AFASTAMENTO, EXCLUSIVE TRANSPORTE E RETIRADA DO MATERIAL DEMOLIDO | E66: m | F66: 9.8 | G66: 3.1 | H66: =ROUND(ROUND(G66 * J10, 2) + G66, 2) -> 3.93 | I66: =ROUND(F66 * H66,2) -> 38.51 | J66: =I66 / J9 -> 9.6586441e-05
A67: 5.1.2.7 | B67: ED-13286 | C67: SETOP | D67: CAMADA DE REGULARIZAÇÃO COM ARGAMASSA, TRAÇO 1:3 (CIMENTO E AREIA), ESP. 15MM, APLICAÇÃO MANUAL, INCLUSIVE ARGAMASSA COM PREPARO MECANIZADO | E67: m² | F67: 6.92 | G67: 37.01 | H67: =ROUND(ROUND(G67 * J10, 2) + G67, 2) -> 46.91 | I67: =ROUND(F67 * H67,2) -> 324.62 | J67: =I67 / J9 -> 0.00081417529
A68: 5.1.2.8 | B68: 1701000106 | C68: AGESUL | D68: PISO TIPO PORCELANATO ACETINADO, PLACAS DE (60 X 60)CM, TIPO A, LINHA CEMENTO GRIGIO, BORDA RETIFICADA DA BIANCOGRES OU SIMILAR, EMPREGANDO ARGAMASSA ACIII, QUARTZOLIT OU SIMILAR, INCLUSIVE REJUNTE | E68: m² | F68: 6.92 | G68: 117.65 | H68: =ROUND(ROUND(G68 * J10, 2) + G68, 2) -> 149.11 | I68: =ROUND(F68 * H68,2) -> 1031.84 | J68: =I68 / J9 -> 0.0025879448
A69: 6 | D69: PINTURA | F69: 1 | H69: =I70 -> 65649.24 | I69: =ROUND(F69 * H69,2) -> 65649.24 | J69: =I69 / J9 -> 0.16465402
A70: 6.1 | D70: ESCOLA BLOCO 2 | F70: 1 | H70: =I71 -> 65649.24 | I70: =ROUND(F70 * H70,2) -> 65649.24 | J70: =I70 / J9 -> 0.16465402
A71: 6.1.1 | D71: PAREDES INTERNAS | F71: 1 | H71: =I72 + I73 + I74 -> 65649.24 | I71: =ROUND(F71 * H71,2) -> 65649.24 | J71: =I71 / J9 -> 0.16465402
A72: 6.1.1.1 | B72: ED-50505 | C72: SETOP | D72: LIXAMENTO MANUAL EM PAREDE PARA REMOÇÃO DE TINTA | E72: m² | F72: 1484.35 | G72: 3.37 | H72: =ROUND(ROUND(G72 * J10, 2) + G72, 2) -> 4.27 | I72: =ROUND(F72 * H72,2) -> 6338.17 | J72: =I72 / J9 -> 0.015896683
A73: 6.1.1.2 | B73: 104641 | C73: SINAPI | D73: PINTURA LÁTEX ACRÍLICA ECONÔMICA, APLICAÇÃO MANUAL EM PAREDES, DUAS DEMÃOS. AF_04/2023 | E73: m² | F73: 1424.976 | G73: 10.97 | H73: =ROUND(ROUND(G73 * J10, 2) + G73, 2) -> 13.9 | I73: =ROUND(F73 * H73,2) -> 19807.17 | J73: =I73 / J9 -> 0.049678111
A74: 6.1.1.3 | B74: ED-50509 | C74: SETOP | D74: PINTURA ESMALTE EM SUPERFÍCIE DE CONCRETO/ALVENARIA, DUAS (2) DEMÃOS, EXCLUSIVE SELADOR ACRÍLICO E MASSA ACRÍLICA/CORRIDA (PVA) [BARRADO 1,20M COR CINZA PLATINA FOSCO] | E74: m² | F74: 1543.724 | G74: 20.19 | H74: =ROUND(ROUND(G74 * J10, 2) + G74, 2) -> 25.59 | I74: =ROUND(F74 * H74,2) -> 39503.9 | J74: =I74 / J9 -> 0.099079228
A75: 7 | D75: REFORMA BLOCO 2 | F75: 1 | H75: =I76 + I77 + I78 + I79 + I80 + I81 + I82 + I83 + I84 + I85 + I86 + I87 + I88 + I89 + I90 + I91 + I92 + I93 + I94 + I95 + I96 + I97 + I98 + I99 + I100 + I101 + I102 + I103 + I104 + I105 + I106 + I107 + I108 + I109 + I110 + I111 + I112 + I113 + I114 -> 147168.3 | I75: =ROUND(F75 * H75,2) -> 147168.3 | J75: =I75 / J9 -> 0.36911094
A76: 7.1 | B76: 11142 | C76: ORSE | D76: Demolição de alvenaria de bloco de concreto de vedação - sem revestimento | E76: m³ | F76: 15.105375 | G76: 46.32 | H76: =ROUND(ROUND(G76 * J10, 2) + G76, 2) -> 58.71 | I76: =ROUND(F76 * H76,2) -> 886.84 | J76: =I76 / J9 -> 0.0022242721
A77: 7.2 | B77: 106122 | C77: SINAPI | D77: REMOÇÃO DE ENTULHO CLASSE A (ALVENARIA, CONCRETO, ARGAMASSAS E CERÂMICOS) E ACONDICIONAMENTO FINAL EM CAÇAMBA ESTACIONÁRIA. EXCLUSO FRETE. AF_09/2025 | E77: m³ | F77: 15.1 | G77: 85.05 | H77: =ROUND(ROUND(G77 * J10, 2) + G77, 2) -> 107.79 | I77: =ROUND(F77 * H77,2) -> 1627.63 | J77: =I77 / J9 -> 0.0040822381
A78: 7.3 | B78: 0201002161 | C78: AGESUL | D78: LOCACAO DE CACAMBA (4M3) (7 DIAS) | E78: UN | F78: 4 | G78: 350 | H78: =ROUND(ROUND(G78 * J10, 2) + G78, 2) -> 443.59 | I78: =ROUND(F78 * H78,2) -> 1774.36 | J78: =I78 / J9 -> 0.0044502497
A79: 7.4 | B79: 97663 | C79: SINAPI | D79: REMOÇÃO DE LOUÇAS, DE FORMA MANUAL, SEM REAPROVEITAMENTO. AF_09/2023 | E79: UN | F79: 7 | G79: 14.97 | H79: =ROUND(ROUND(G79 * J10, 2) + G79, 2) -> 18.97 | I79: =ROUND(F79 * H79,2) -> 132.79 | J79: =I79 / J9 -> 0.00033304891
A80: 7.5 | B80: 97645 | C80: SINAPI | D80: REMOÇÃO DE JANELAS, DE FORMA MANUAL, SEM REAPROVEITAMENTO. AF_09/2023 | E80: m² | F80: 13.51 | G80: 29.19 | H80: =ROUND(ROUND(G80 * J10, 2) + G80, 2) -> 37 | I80: =ROUND(F80 * H80,2) -> 499.87 | J80: =I80 / J9 -> 0.0012537176
A81: 7.6 | B81: 97644 | C81: SINAPI | D81: REMOÇÃO DE PORTAS, DE FORMA MANUAL, SEM REAPROVEITAMENTO. AF_09/2023 | E81: m² | F81: 24.287 | G81: 11.31 | H81: =ROUND(ROUND(G81 * J10, 2) + G81, 2) -> 14.33 | I81: =ROUND(F81 * H81,2) -> 348.03 | J81: =I81 / J9 -> 0.00087288961
A82: 7.7 | B82: 103369 | C82: SINAPI | D82: ALVENARIA DE VEDAÇÃO DE BLOCOS CERÂMICOS FURADOS NA HORIZONTAL DE 14X19X39 CM (ESPESSURA 14 CM) E ARGAMASSA DE ASSENTAMENTO COM PREPARO MANUAL. AF_12/2021 | E82: m² | F82: 109.295 | G82: 77.55 | H82: =ROUND(ROUND(G82 * J10, 2) + G82, 2) -> 98.29 | I82: =ROUND(F82 * H82,2) -> 10742.61 | J82: =I82 / J9 -> 0.026943403
A83: 7.8 | B83: 105023 | C83: SINAPI | D83: VERGA MOLDADA IN LOCO EM CONCRETO, ESPESSURA DE *15* CM. AF_03/2024 | E83: M | F83: 19.55 | G83: 75.25 | H83: =ROUND(ROUND(G83 * J10, 2) + G83, 2) -> 95.37 | I83: =ROUND(F83 * H83,2) -> 1864.48 | J83: =I83 / J9 -> 0.0046762785
A84: 7.9 | B84: ED-50979 | C84: SETOP | D84: PORTA EM PERFIL E CHAPA METÁLICA, EXCLUSIVE FERRAGENS E PINTURA | E84: m² | F84: 23.925 | G84: 431.62 | H84: =ROUND(ROUND(G84 * J10, 2) + G84, 2) -> 547.04 | I84: =ROUND(F84 * H84,2) -> 13087.93 | J84: =I84 / J9 -> 0.032825671
A85: 7.10 | B85: 91304 | C85: SINAPI | D85: FECHADURA DE EMBUTIR COM CILINDRO, EXTERNA, COMPLETA, ACABAMENTO PADRÃO POPULAR, INCLUSO EXECUÇÃO DE FURO - FORNECIMENTO E INSTALAÇÃO. AF_10/2025 | E85: UN | F85: 9 | G85: 131.63 | H85: =ROUND(ROUND(G85 * J10, 2) + G85, 2) -> 166.83 | I85: =ROUND(F85 * H85,2) -> 1501.47 | J85: =I85 / J9 -> 0.0037658178
A86: 7.11 | B86: 28.20.411 | C86: CPOS/CDHU | D86: Dobradiça em aço cromado de 3 1/2", para porta de até 21 kg | E86: CJ | F86: 9 | G86: 36.78 | H86: =ROUND(ROUND(G86 * J10, 2) + G86, 2) -> 46.61 | I86: =ROUND(F86 * H86,2) -> 419.49 | J86: =I86 / J9 -> 0.0010521175
A87: 7.12 | B87: ED-50978 | C87: SETOP | D87: PORTA METÁLICA PARA SANITÁRIO EM CHAPA GALVANIZADA, ESP. 1,25MM (GSG 18), DIMENSÃO (60X180)CM, TIPO DE ABRIR, UMA (1) FOLHA, INCLUSIVE BATENTE, ESTRUTURA EM METALON (20X30)MM, DOBRADIÇA E TRANQUETA, EXCLUSIVE PINTURA | E87: un | F87: 6 | G87: 436.5 | H87: =ROUND(ROUND(G87 * J10, 2) + G87, 2) -> 553.22 | I87: =ROUND(F87 * H87,2) -> 3319.32 | J87: =I87 / J9 -> 0.0083251442
A88: 7.13 | B88: 023388 | C88: SBC | D88: FORNECIMENTO E COLOCACAO JANELA ALUMINIO PIVOTANTE | E88: m² | F88: 6.27 | G88: 694.24 | H88: =ROUND(ROUND(G88 * J10, 2) + G88, 2) -> 879.88 | I88: =ROUND(F88 * H88,2) -> 5516.85 | J88: =I88 / J9 -> 0.013836741
A89: 7.14 | B89: 102166 | C89: SINAPI | D89: INSTALAÇÃO DE VIDRO LISO INCOLOR, E = 6 MM, EM ESQUADRIA DE ALUMÍNIO OU PVC, FIXADO COM BAGUETE. AF_11/2025 | E89: m² | F89: 102.5202 | G89: 312.12 | H89: =ROUND(ROUND(G89 * J10, 2) + G89, 2) -> 395.58 | I89: =ROUND(F89 * H89,2) -> 40554.94 | J89: =I89 / J9 -> 0.10171533
A90: 7.15 | B90: 32.06.231 | C90: CPOS/CDHU | D90: Película de controle solar refletiva na cor prata, aplicado em vidros | E90: m² | F90: 102.52 | G90: 79.99 | H90: =ROUND(ROUND(G90 * J10, 2) + G90, 2) -> 101.38 | I90: =ROUND(F90 * H90,2) -> 10393.48 | J90: =I90 / J9 -> 0.026067755
A91: 7.16 | B91: 13961 | C91: ORSE | D91: Remoção de revestimento em placas mdf, sem reaproveitamento | E91: m² | F91: 97.75 | G91: 4.64 | H91: =ROUND(ROUND(G91 * J10, 2) + G91, 2) -> 5.88 | I91: =ROUND(F91 * H91,2) -> 574.77 | J91: =I91 / J9 -> 0.0014415733
A92: 7.17 | B92: 94995 | C92: SINAPI | D92: EXECUÇÃO DE PASSEIO (CALÇADA) OU PISO DE CONCRETO COM CONCRETO MOLDADO IN LOCO, USINADO, ACABAMENTO CONVENCIONAL, ESPESSURA 8 CM, ARMADO. AF_08/2022 | E92: m² | F92: 35.4975 | G92: 92.9 | H92: =ROUND(ROUND(G92 * J10, 2) + G92, 2) -> 117.74 | I92: =ROUND(F92 * H92,2) -> 4179.48 | J92: =I92 / J9 -> 0.010482501
A93: 7.18 | B93: 104660 | C93: SINAPI | D93: CONJUNTO DE PONTOS HIDRÁULICOS DE ÁGUA FRIA PARA BANHEIRO (RAMAL/SUB-RAMAL E DISTRIBUIÇÃO) EM PVC, COM TUBOS, CONEXÕES, REGISTROS, CORTES E FIXAÇÕES EM PRÉDIO COM TUBULAÇÕES EMBUTIDAS COM RASGO. AF_05/2023 | E93: UN | F93: 3 | G93: 1619.33 | H93: =ROUND(ROUND(G93 * J10, 2) + G93, 2) -> 2052.34 | I93: =ROUND(F93 * H93,2) -> 6157.02 | J93: =I93 / J9 -> 0.015442343
A94: 7.19 | B94: 86932 | C94: SINAPI | D94: VASO SANITÁRIO SIFONADO COM CAIXA ACOPLADA LOUÇA BRANCA - PADRÃO MÉDIO, INCLUSO ENGATE FLEXÍVEL EM METAL CROMADO, 1/2 X 40CM - FORNECIMENTO E INSTALAÇÃO. AF_01/2020 | E94: UN | F94: 7 | G94: 609.99 | H94: =ROUND(ROUND(G94 * J10, 2) + G94, 2) -> 773.1 | I94: =ROUND(F94 * H94,2) -> 5411.7 | J94: =I94 / J9 -> 0.013573016
A95: 7.20 | B95: 102253 | C95: SINAPI | D95: DIVISORIA SANITÁRIA, EM GRANITO CINZA POLIDO, ESP = 3CM, ASSENTADO COM ARGAMASSA COLANTE AC III-E. AF_10/2025 | E95: m² | F95: 13.89 | G95: 742.34 | H95: =ROUND(ROUND(G95 * J10, 2) + G95, 2) -> 940.84 | I95: =ROUND(F95 * H95,2) -> 13068.27 | J95: =I95 / J9 -> 0.032776362
A96: 7.21 | B96: 44.01.100 | C96: CPOS/CDHU | D96: Lavatório de louça sem coluna | E96: UN | F96: 1 | G96: 178.46 | H96: =ROUND(ROUND(G96 * J10, 2) + G96, 2) -> 226.18 | I96: =ROUND(F96 * H96,2) -> 226.18 | J96: =I96 / J9 -> 0.00056727918
A97: 7.22 | B97: ED-21631 | C97: SETOP | D97: BANCADA EM GRANITO, COR CINZA ANDORINHA, ESP. 2CM, ACABAMENTO POLIDO, APOIADA EM CONSOLE DE METALON (50X30)MM, EXCLUSIVE RODABANCA/FRONTÃO, TESTEIRA/FAIXA, FURO EM BANCADA, CUBA METÁLICA, VÁLVULA, SIFÃO, TORNEIRA E ENGATE FLEXÍVEL | E97: m² | F97: 2.0425 | G97: 421.78 | H97: =ROUND(ROUND(G97 * J10, 2) + G97, 2) -> 534.56 | I97: =ROUND(F97 * H97,2) -> 1091.84 | J97: =I97 / J9 -> 0.00273843
A98: 7.23 | B98: 86901 | C98: SINAPI | D98: CUBA DE EMBUTIR OVAL EM LOUÇA BRANCA, 35 X 50CM OU EQUIVALENTE - FORNECIMENTO E INSTALAÇÃO. AF_01/2020 | E98: UN | F98: 6 | G98: 164.3 | H98: =ROUND(ROUND(G98 * J10, 2) + G98, 2) -> 208.23 | I98: =ROUND(F98 * H98,2) -> 1249.38 | J98: =I98 / J9 -> 0.0031335541
A99: 7.24 | B99: ED-21627 | C99: SETOP | D99: RODABANCA/FRONTÃO PARA BANCADA EM GRANITO, COR CINZA ANDORINHA, ESP. 2CM, ALTURA DE 10CM, INCLUSIVE POLIMENTO DE ESPESSURA, EXCLUSIVE REJUNTAMENTO (FORNECIMENTO/FABRICAÇÃO) | E99: m | F99: 5.25 | G99: 43.64 | H99: =ROUND(ROUND(G99 * J10, 2) + G99, 2) -> 55.31 | I99: =ROUND(F99 * H99,2) -> 290.38 | J99: =I99 / J9 -> 0.00072829838
A100: 7.25 | B100: ED-21636 | C100: SETOP | D100: TESTEIRA PARA BANCADA EM GRANITO, COR CINZA ANDORINHA, ESP. 2CM, ALTURA DE 10CM, INCLUSIVE POLIMENTO, CORTE/COLAGEM EM MEIA ESQUADRIA E MASSA PLÁSTICA NA COR DA PEDRA | E100: m | F100: 5.25 | G100: 222.86 | H100: =ROUND(ROUND(G100 * J10, 2) + G100, 2) -> 282.45 | I100: =ROUND(F100 * H100,2) -> 1482.86 | J100: =I100 / J9 -> 0.0037191423
...

Sheet CRONOGRAMA
C1: PREFEITURA MUNICIPAL DE BOA ESPERANÇA - MG. Secretaria Municipal de Obras e Serviços Urbanos.
A2: A N E X O I
A3: CRONOGRAMA FÍSICO-FINANCEIRO
A4: PREFEITURA MUNICIPAL DE BOA ESPERANÇA | D4: VALOR DA OBRA: | H4: DATA: | I4: =TODAY() -> 46273
A5: OBRA: REFORMA ESCOLA MUN. GABIN GAMBOGI - CAIC | D5: LOCAL: | E5: RUA TONICO RODRIGUES, 480, FREDERICO OZANAM
A6: ITEM | B6: ETAPAS/DESCRIÇÃO | D6: FÍSICO/ FINANCEIRO | E6: TOTAL ETAPAS | F6: MÊS 1 | G6: MÊS 2 | H6: MÊS 3 | I6: Total
A7: 1 | B7: ='[2]Orç. '!D11 -> INSTALAÇÃO DA OBRA | D7: Físico % | E7: 0.0101 | F7: 1 | G7: 0 | H7: 0 | I7: =SUM(F7:H7) -> 1
D8: Financeiro | E8: ='Orçamento Sintético'!I12 -> 1320.44 | F8: =F7*$E$8 -> 1320.44 | G8: =G7*$E$8 -> 0 | H8: =H7*$E$8 -> 0 | I8: =SUM(F8:H8) -> 1320.44
A9: 2 | B9: ='[2]Orç. '!D15 -> REFORÇO ESTRUTURAL DE FUNDAÇÃO | D9: Físico % | E9: 0.1172 | F9: 0.5 | G9: 0.5 | H9: 0 | I9: =SUM(F9:H9) -> 1
D10: Financeiro | E10: ='Orçamento Sintético'!I14 -> 103241.74 | F10: =F9*$E$10 -> 51620.87 | G10: =G9*$E$10 -> 51620.87 | H10: =H9*$E$10 -> 0 | I10: =SUM(F10:H10) -> 103241.74
A11: 3 | B11: ='[2]Orç. '!D24 -> REFORÇO PILARES | D11: Físico % | E11: 0.0117 | F11: 0.5 | G11: 0.5 | H11: 0 | I11: =SUM(F11:H11) -> 1
D12: Financeiro | E12: ='Orçamento Sintético'!I23 -> 10306.78 | F12: =F11*$E$12 -> 5153.39 | G12: =G11*$E$12 -> 5153.39 | H12: =H11*$E$12 -> 0 | I12: =SUM(F12:H12) -> 10306.78
A13: 4 | B13: ='[2]Orç. '!D32 -> LIMPEZA DA COBERTURA | D13: Físico % | E13: 0.0428 | F13: 0.5 | G13: 0.5 | H13: 0 | I13: =SUM(F13:H13) -> 1
D14: Financeiro | E14: ='Orçamento Sintético'!I31 -> 19285.31 | F14: =F13*$E$14 -> 9642.655 | G14: =G13*$E$14 -> 9642.655 | H14: =H13*$E$14 -> 0 | I14: =SUM(F14:H14) -> 19285.31
A15: 5 | B15: ='[2]Orç. '!D40 -> REFORMA DAS COZINHAS E DISPENSAS | D15: Físico % | E15: 0.0416 | F15: 0.5 | G15: 0.5 | H15: 0 | I15: =SUM(F15:H15) -> 1
D16: Financeiro | E16: ='Orçamento Sintético'!I37 -> 36583.54 | F16: =F15*$E$16 -> 18291.77 | G16: =G15*$E$16 -> 18291.77 | H16: =H15*$E$16 -> 0 | I16: =SUM(F16:H16) -> 36583.54
A17: 6 | B17: ='[2]Orç. '!D72 -> PINTURA | D17: Físico % | E17: 0.5842 | F17: 0 | G17: 0.5 | H17: 0.5 | I17: =SUM(F17:H17) -> 1
D18: Financeiro | E18: ='Orçamento Sintético'!I69 -> 65649.24 | F18: =F17*$E$18 -> 0 | G18: =G17*$E$18 -> 32824.62 | H18: =H17*$E$18 -> 32824.62 | I18: =SUM(F18:H18) -> 65649.24
A19: 7 | B19: ='[2]Orç. '!D173 -> REFORMA BLOCO 2 | D19: Físico % | E19: 0.1671 | F19: 0 | G19: 0.5 | H19: 0.5 | I19: =SUM(F19:H19) -> 1
D20: Financeiro | E20: ='Orçamento Sintético'!I75 -> 147168.3 | F20: =F19*$E$20 -> 0 | G20: =G19*$E$20 -> 73584.15 | H20: =H19*$E$20 -> 73584.15 | I20: =SUM(F20:H20) -> 147168.3
A21: 8 | B21: ='[2]Orç. '!D213 -> LIMPEZA FINAL | D21: Físico % | E21: 0.0253 | F21: 0 | G21: 0 | H21: 1 | I21: =SUM(F21:H21) -> 1
D22: Financeiro | E22: ='Orçamento Sintético'!I115 -> 15154.86 | F22: =F21*$E$22 -> 0 | G22: =G21*$E$22 -> 0 | H22: =H21*$E$22 -> 15154.86 | I22: =SUM(F22:H22) -> 15154.86
A23: TOTAL | D23: Físico % | E23: =E7+E9+E13+E15+E19+E21+E11+E17 -> 1 | F23: =F24/$E$24 -> 0.21576857 | G23: =G24/$E$24 -> 0.47933927 | H23: =H24/$E$24 -> 0.30489219 | I23: =SUM(F23:H23) -> 1
D24: Financeiro | E24: =E8+E1++E18+E12+E14+E16+E20+E22+E10 -> 398710.21 | F24: =ROUND(F8+F10+F12+F14+F16+F18+F20+F22,2) -> 86029.13 | G24: =ROUND(G8+G10+G12+G14+G16+G18+G20+G22,2) -> 191117.46 | H24: =ROUND(H18+H20+H22,2) -> 121563.63 | I24: =ROUND(I8+I10+I12+I14+I16+I18+I20+I22,2) -> 398710.21
C26: BOA ESPERANÇA, MG | G26: =TODAY() -> 46273
C27: Local | G27: Data
B29: Prefeito Municipal | H29: Responsável Técnico
B30: AROLDO ROSA DE MEDEIROS | H30: CARLOS EDUARDO MARTINS DANDE
H31: CREA: 202.067/D-MG

Sheet BDI
B1: PREFEITURA MUNICIPAL DE BOA ESPERANÇA - MG. Secretaria Municipal de Obras e Serviços Urbanos.
B2: PLANILHA ORÇAMENTÁRIA Escola Municipal Rabin Gambogi (CAIC) e na Creche Municipal Tia Nicinha
B5: Conforme legislação tributária municipal, definir estimativa de percentual da base de cálculo para o ISS: | J5: 0.5
B6: Sobre a base de cálculo, definir a respectiva alíquota do ISS (entre 2% e 5%): | J6: 0.05
B8: TIPO DE OBRA
B9: Construção e Reforma de Edifícios
B11: Itens | J11: Siglas | K11: % Adotado | M11: Situação | P11: 1º Quartil | Q11: Médio | R11: 3º Quartil
B13: =IF($J$21=$A$157,"Encargos Sociais incidentes sobre a mão de obra","Administração Central") -> Administração Central | J13: AC | K13: 0.03 | M13: - | P13: 0.03 | Q13: 0.04 | R13: 0.055
B14: =IF($J$21=$A$157,"Administração Central da empresa ou consultoria - overhead","Seguro e Garantia") -> Seguro e Garantia | J14: SG | K14: 0.01 | M14: - | P14: 0.008 | Q14: 0.008 | R14: 0.01
B15: =IF($J$21=$A$157,"","Risco") -> Risco | J15: R | K15: 0.01 | M15: - | P15: 0.0097 | Q15: 0.0127 | R15: 0.0127
B16: =IF($J$21=$A$157,"","Despesas Financeiras") -> Despesas Financeiras | J16: DF | K16: 0.0136 | M16: - | P16: 0.0059 | Q16: 0.0123 | R16: 0.0139
B17: =IF($J$21=$A$157,"Margem bruta da empresa de consultoria","Lucro") -> Lucro | J17: L | K17: 0.064 | M17: - | P17: 0.0616 | Q17: 0.074 | R17: 0.0896
B18: Tributos (impostos COFINS 3%, e PIS 0,65%) | J18: CP | K18: 0.0365 | M18: - | P18: 0.0365 | Q18: 0.0365 | R18: 0.0365
B19: Tributos (ISS, variável de acordo com o município) | J19: ISS | K19: 0.025 | M19: - | P19: 0 | Q19: 0.025 | R19: 0.05
B20: Tributos (Contribuição Previdenciária sobre a Receita Bruta - 0% ou 4,5% - Desoneração) | J20: CPRB | K20: 0.045 | M20: - | P20: 0 | Q20: 0.045 | R20: 0.045
B21: BDI SEM desoneração (Fórmula Acórdão TCU) | J21: BDI PAD | K21: =(ROUND((((1+K13+K14+K15)*(1+K16)*(1+K17)/(1-(K18+K19)))-1),4)) -> 0.2066 | M21: =IF(OR($J$21=$A$157,$J$21=$A$156,AND(K21>=P21,K21<=R21)),"OK","FORA DO INTERVALO") -> OK | P21: 0.2034 | Q21: 0.2212 | R21: 0.25
B22: BDI COM desoneração | J22: BDI DES | K22: =ROUND((((1+K13+K14+K15)*(1+K16)*(1+K17)/(1-(K18+K19+K20)))-1),4) -> 0.2674
B24: =IF(M21<>"ok","X","") | C24: =IF(M21<>"ok","Anexo: Relatório Técnico Circunstanciado justificando a adoção do percentual de cada parcela do BDI.","")
B26: Os valores de BDI foram calculados com o emprego da fórmula:
E27: BDI = | F27: =IF($J9=$A$157,"(1+K1+K2)*(1+K3)","(1+AC + S + R + G)*(1 + DF)*(1+L)") -> (1+K1+K2)*(1+K3) | I27: - 1
F28: (1-CP-ISS-CRPB)
B30: Declaro para os devidos fins que, conforme legislação tributária municipal, a base de cálculo deste tipo de obra corresponde à 50%, com a respectiva alíquota de 4,5%.
B32: Declaro para os devidos fins que o regime de Contribuição Previdenciária sobre a Receita Bruta adotado para elaboração do orçamento foi COM DESONERACAO, e que esta é a alternativa mais adequada para a Administração Pública.
B34: Observações:
B37: BOA ESPERANÇA, MG | H37: =TODAY() -> 46273
B38: Local | H38: Data
B43: Responsável Técnico
B44: Nome: | C44: CARLOS EDUARDO MARTINS DANDE
B45: CREA/CAU: | C45: 202.067/D-MG
